 Dungeon Crawl Stone Soup version 0.29-a0-43-g62a80824bf (webtiles) character file.

Game seed: 12067487436802549004

65 enile the Magician (level 3, -1/20 HPs)
             Began as a Deep Elf Air Elementalist on Feb 2, 2022.
             Was a Plaything of Xom.
             Slain by Pargi (3 damage)
             ... in a sewer.
             The game lasted 00:02:57 (2296 turns).

enile the Magician (Deep Elf Air Elementalist)      Turns: 2296, Time: 00:02:57

Health: -1/20      AC:  2    Str:  5    XL:     3   Next: 94%
Magic:  3/10       EV: 12    Int: 21    God:    Xom [..*...]
Gold:   70         SH:  0    Dex: 15    Spells: 7/10 levels left

rFire   . . .      SeeInvis .   e - +2 hand axe (pain)
rCold   . . .      Faith    .   (no shield)
rNeg    . . .      Spirit   .   a - +0 robe
rPois   .          Reflect  .   (no helmet)
rElec   .          Harm     .   (no cloak)
rCorr   .          Rampage  .   (no gloves)
Will    .....                   (no boots)
Stlth   +.........              (no amulet)
HPRegen 0.06/turn               (no ring)
MPRegen 0.12/turn               (no ring)

@: very slow
A: no striking features
a: Renounce Religion


You were in a sewer.
You worshipped Xom.
You were a toy of Xom.
You visited 1 branch of the dungeon, and saw 3 of its levels.
You also visited: Sewer.

You collected 70 gold pieces.

Inventory:

Hand Weapons
 c - a +0 falchion
 d - a +2 dagger of freezing
 e - a +2 hand axe of pain (weapon)
Armour
 a - a +0 robe (worn)
Scrolls
 b - 5 scrolls of identify {unknown}
 h - a scroll of immolation {unknown}
 i - 4 scrolls of teleportation {unknown}
 k - a scroll of fog {unknown}
Potions
 f - 2 potions of heal wounds {unknown}
 g - a potion of invisibility {unknown}
 j - 2 potions of might {unknown}
 l - a potion of haste {unknown}


   Skills:
 + Level 1.2 Fighting
 - Level 2.4 Dodging
 - Level 2.4 Stealth
 - Level 4.0 Spellcasting
 - Level 3.0 Conjurations
 - Level 3.0 Air Magic


You had 7 spell levels left.
You knew the following spells:

 Your Spells              Type           Power      Damage    Failure   Level
a - Shock                 Conj/Air       64%        1d7       3%          1
b - Static Discharge      Conj/Air       16%        N/A       5%          2

Your spell library contained the following spells:

 Spells                   Type           Power      Damage    Failure   Level
 Swiftness                Air            16%        N/A       11%         3
 Airstrike                Air            8%         N/A       34%         4


Dungeon Overview and Level Annotations

Branches:
Dungeon (3/15)              Sewer (1/1)

Altars:
Xom

Annotations:
Sewer Pargi


Message History

Aim: Pargi (moderately wounded, 64% to hit)
The zap hits Pargi.
Pargi is heavily wounded.
Pargi closely misses you. Pargi claws you. x2
Casting: Shock (safe; 3% risk of failure)
Confirm with . or Enter, or press ? or * to list all spells.
Okay, then.
Press: ? - help, v - describe, . - travel Some deep water.
Your unstable footing causes you to fumble your attack.
Pargi barely misses you. Pargi misses you. Pargi claws you.
You barely miss Pargi.
Pargi is heavily wounded.
Pargi bites you. Pargi claws you but does no damage. Pargi closely misses you.
Pargi barely misses you. Pargi claws you but does no damage. Pargi misses you.
Casting: Shock (safe; 3% risk of failure)
Confirm with . or Enter, or press ? or * to list all spells.
Pargi is struck by an arc of lightning.
Pargi is severely wounded.
You are struck by an arc of lightning.
The lightning grounds out.
Pargi bites you but does no damage. Pargi barely misses you. Pargi claws you.
The frilled lizard barely misses you. Pargi misses you. x2
Pargi claws you but does no damage.
Casting: Static Discharge (safe; 5% risk of failure)
Confirm with . or Enter, or press ? or * to list all spells.
Pargi is struck by an arc of lightning.
Pargi is severely wounded.
You are struck by an arc of lightning.
* * * LOW HITPOINT WARNING * * *
The lightning grounds out.
The frilled lizard is struck by an arc of lightning.
You kill the frilled lizard!
Pargi is struck by an arc of lightning!
Pargi is almost dead.
The lightning grounds out.
Pargi bites you but does no damage. Pargi claws you.
* * * LOW HITPOINT WARNING * * *
Pargi claws you.
* * * LOW HITPOINT WARNING * * *
Pargi bites you but does no damage. Pargi claws you.
You die...

≈≈≈≈≈≈≈≈≈≈≈###
≈≈≈≈≈≈≈≈≈≈≈≈≈#
≈≈≈≈≈≈≈≈≈≈≈≈≈##
≈≈≈≈≈≈≈≈≈≈≈≈≈≈###
#.≈≈≈≈≈≈≈≈≈≈≈≈≈≈#
#..≈≈≈≈≈≈≈≈≈≈≈≈≈≈
#.≈≈T≈≈≈≈≈≈≈≈≈≈
#@≈≈≈≈≈≈≈≈#
#≈≈≈≈≈≈≈≈≈≈
#.≈≈≈≈≈≈≈≈≈ #
###≈≈≈≈≈≈≈# #
##.≈≈≈≈≈≈≈ # #####
#≈≈≈≈≈≈≈≈≈ #
#...#######.≈≈≈≈≈≈≈#
#
#.∩≈≈.≈≈≈..≈≈≈≈≈≈≈≈#
#...#######≈≈≈≈≈≈≈≈≈


You could see Pargi.

Vanquished Creatures
  An adder (Sewer)
  3 worms
  A dart slug (D:1)
  3 endoplasms (D:2)
  3 goblins
  4 hobgoblins (D:1)
  4 jackals (D:2)
  5 kobolds
  3 quokkas (D:2)
  4 ball pythons
  6 bats
  4 frilled lizards
  2 rats
43 creatures vanquished.

Notes
Turn   | Place    | Note
-------+----------+-------------------------------------------
     0 | D:1      | enile the Deep Elf Air Elementalist began the quest for the
                  | Orb.
     0 | D:1      | Reached XP level 1. HP: 10/10 MP: 6/6
    42 | D:1      | Upgraded the game from 0.29-a0-40-g8eb35efe60 to
                  | 0.29-a0-43-g62a80824bf
    83 | D:1      | Reached skill level 1 in Fighting
   463 | D:1      | Reached XP level 2. HP: 16/16 MP: 2/8
  1082 | D:2      | Reached XP level 3. HP: 20/20 MP: 3/9
  1812 | D:2      | Found a faded altar of an unknown god.
  1918 | D:2      | Prayed at the altar of an unknown god.
  1918 | D:2      | Became a worshipper of Xom of Chaos
  1992 | D:3      | Found a glowing drain.
  2013 | D:3      | Learned a level 2 spell: Static Discharge
  2018 | Sewer    | Entered a sewer
  2096 | Sewer    | Reached skill level 4 in Spellcasting
  2286 | Sewer    | Noticed Pargi
  2296 | Sewer    | Slain by Pargi

Illustrated notes

Levels and vault maps discovered:
D:1:      dpeg_arrival_radiant, layout_basic
D:2:      layout_loops_ring, nicolae_ecumenical_oubliette, grunt_decor_junction
D:3:      layout_basic, cheibrodos_sewer_entry_bend, minmay_joined_circles
Sewer:    sewer_co_pargi_island

Skill      XL: |  1  2  3 |
---------------+----------+-----
Fighting       | 1 |  1.2
Conjurations   | 2 3 |  3.0
Spellcasting   | 4 |  4.0
Dodging        | |  2.4
Stealth        | |  2.4
Air Magic      | |  3.0

Action                   || total
-------------------------++-------
Melee: Unarmed           ||    19
       Hand axe          ||     5
 Cast: Shock             ||    88
       Static Discharge  ||     3
Armor: Robe              ||    23
Dodge: Dodged            ||    46

Table legend: (Time is in decaauts)
 A = Elapsed time spent in this place.
 B = Non-inter-level travel time spent in this place.
 C = Inter-level travel time spent in this place.
 D = Time resting spent in this place.
 E = Time spent auto-exploring this place.
 F = Levels seen in this place.
 G = Mean time per level.
                   A        B        C        D        E       F      G
               +--------+--------+--------+--------+--------+-----+--------+
         Total |   2320 |   2136 |    184 |      0 |   1883 |   4 |  580.0 |
       Dungeon |   2025 |   1841 |    184 |      0 |   1619 |   3 |  675.0 |
         Sewer |    294 |    294 |      0 |      0 |    264 |   1 |  294.0 |
               +--------+--------+--------+--------+--------+-----+--------+

Top non-repeatable levels by time:
     D:1: 1059 daAuts
     D:2: 933 daAuts
   Sewer: 294 daAuts
     D:3: 32 daAuts
